Map: Pillars of Gold LE

Players

HeroMarine - Winner!

  • Race: Terran Terran
  • League: Grandmaster
  • Spawn Location: 7:00

SKillous

  • Race: Protoss Protoss
  • League: Grandmaster
  • Spawn Location: 1:00

Event: DreamHack SC2 Masters 2020 Winter

VOD

Have the link to the VOD?

Description

Time

  • Played on: Nov. 1, 2020, 12:39 p.m.
  • Length: 7:33

All games in this series

Show
View Real Time Build Order
Export as new Build Order

HeroMarine Terran - Winner!

Build Orders: Reaper Expand 

Get SALT Encoding   

  12  0:00  SCV  
  13  0:12  SCV  
  14  0:17  Supply Depot  
  14  0:24  SCV  
  15  0:39  SCV  
  15  0:40  Barracks  
  16  0:45  Refinery  
  16  0:51  SCV  
  17  1:03  SCV  
  18  1:15  SCV  
  19  1:27  Orbital Command, Reaper  
  20  1:49  Command Center  
  21  1:54  SCV  
  21  1:58  Supply Depot  
  21  2:01  Marine  
  21  2:06  SCV  
  23  2:14  Factory  
  23  2:20  SCV  
  23  2:21  Barracks Reactor  
  24  2:27  Bunker  
  24  2:32  SCV  
  24  2:35  Refinery  
  25  2:44  SCV  
  26  2:56  SCV  
  26  2:57  Hellion  
  29  3:01  Starport  
  29  3:04  Orbital Command  
  29  3:08  SCV  
  29  3:11  Marine  
  31  3:15  Marine  
  31  3:19  Widow Mine  
  33  3:20  SCV  
  34  3:29  Marine  
  34  3:30  SCV  
  34  3:32  Marine  
  34  3:33  SCV  
  38  3:34  Supply Depot  
  38  3:38  Medivac  
  38  3:40  Widow Mine  
  42  3:43  SCV  
  42  3:45  SCV  
  44  3:49  Marine  
  44  3:50  Marine  
  44  3:53  Barracks  
  46  3:56  SCV  
  46  3:57  SCV  
  46  4:02  Factory Tech Lab  
  48  4:07  Marine  
  48  4:08  SCV, Marine  
  48  4:09  SCV  
  52  4:12  Supply Depot  
  52  4:20  Barracks  
  52  4:21  SCV x2  
  54  4:27  Factory Tech Lab  
  54  4:30  Refinery, Engineering Bay  
  54  4:33  Raven  
  54  4:35  SCV x2  
  54  4:38  Supply Depot  
  58  4:40  Marine x2  
  60  4:47  Supply Depot, SCV x2  
  60  4:51  Stimpack  
  62  4:59  SCV x2  
  64  5:00  Terran Infantry Weapons Level 1  
  64  5:01  Marauder  
  64  5:03  Marine x2  
  68  5:08  Supply Depot  
  68  5:11  SCV  
  68  5:12  SCV  
  68  5:13  Refinery  
  70  5:19  Factory Reactor  
  70  5:21  Combat Shield, Marine x2  
  70  5:24  SCV, Starport Reactor  
  70  5:25  SCV  
  74  5:29  Marauder  
  74  5:32  Marauder  
  80  5:43  Supply Depot  
  80  5:45  Supply Depot  
  80  5:46  Marine x2, Supply Depot  
  80  5:50  Marauder  
  80  5:53  Marauder  
  84  5:57  Supply Depot  
  84  6:00  Widow Mine  
  86  6:05  Widow Mine, Marine, Medivac x2  
  86  6:06  Supply Depot  
  86  6:10  Marine  
  94  6:11  Marauder  
  94  6:15  Marauder  
  98  6:23  Marine  
  99  6:27  Marine  
  99  6:32  Widow Mine x2, Concussive Shells  
  100  6:33  Marauder  
  100  6:35  Medivac x2  
  100  6:36  Marauder  
  108  6:40  Marine  
  108  6:42  Command Center  
  107  6:56  Marine x2  
  107  6:58  Barracks  
  107  7:00  Barracks  
  109  7:03  Marauder  
  109  7:04  SCV x2  
  110  7:10  Widow Mine  
  110  7:11  Widow Mine  
  113  7:16  SCV x2  
Show
View Real Time Build Order
Export as new Build Order

SKillous Protoss 

Build Orders: 1 Gate Expand 

Get SALT Encoding   

  12  0:00  Probe  
  13  0:12  Probe  
  14  0:18  Pylon  
  14  0:24  Probe (Chrono Boost)  
  15  0:36  Probe (Chrono Boost)  
  15  0:37  Gateway  
  16  0:45  Probe (Chrono Boost)  
  16  0:47  Assimilator  
  17  0:51  Probe  
  18  1:03  Probe  
  19  1:15  Probe  
  20  1:24  Cybernetics Core  
  20  1:36  Nexus  
  20  1:39  Probe  
  21  1:45  Pylon  
  21  1:51  Assimilator  
  21  1:54  Probe  
  22  2:00  Adept (Chrono Boost)  
  22  2:06  Probe (Chrono Boost)  
  25  2:18  Warp Gate, Probe (Chrono Boost)  
  26  2:23  Stalker  
  26  2:26  Probe (Chrono Boost)  
  29  2:35  Robotics Facility  
  29  2:39  Probe (Chrono Boost)  
  30  2:49  Probe (Chrono Boost)  
  32  2:57  Probe (Chrono Boost), Sentry  
  32  2:58  Probe (Chrono Boost)  
  35  3:03  Probe x2 (Chrono Boost)  
  37  3:07  Gateway  
  37  3:15  Probe x2  
  39  3:23  Observer (Chrono Boost)  
  40  3:27  Probe  
  40  3:30  Nexus  
  40  3:32  Probe  
  42  3:36  Pylon  
  42  3:37  Observer (Chrono Boost)  
  42  3:39  Probe  
  44  3:44  Probe  
  45  3:49  Twilight Council  
  45  3:51  Probe  
  46  3:56  Probe  
  46  3:57  Pylon  
  46  4:00  Observer  
  48  4:03  Probe  
  48  4:08  Probe  
  50  4:15  Assimilator, Probe  
  51  4:20  Probe  
  51  4:22  Forge, Observer  
  53  4:24  Stalker  
  53  4:25  Stalker  
  53  4:28  Probe  
  58  4:35  Probe  
  59  4:40  Charge (Chrono Boost), Gateway, Probe  
  59  4:44  Probe  
  61  4:47  Probe  
  61  4:52  Protoss Ground Armor Level 1 (Chrono Boost), Probe  
  63  4:56  Probe (Chrono Boost)  
  65  5:00  Probe (Chrono Boost)  
  65  5:02  Stalker  
  66  5:09  Probe x2 (Chrono Boost)  
  66  5:12  Probe (Chrono Boost)  
  68  5:16  Probe (Chrono Boost)  
  68  5:18  Gateway  
  68  5:20  Gateway  
  69  5:21  Gateway  
  69  5:23  Gateway x2, Probe  
  69  5:25  Observer  
  69  5:26  Assimilator  
  69  5:28  Probe  
  71  5:30  Gateway, Sentry  
  71  5:32  Observer, Probe  
  71  5:34  Observer  
  72  5:36  Probe  
  72  5:40  Probe  
  74  5:44  Photon Cannon, Probe  
  74  5:48  Probe  
  76  5:51  Pylon  
  76  5:53  Pylon  
  76  5:57  Probe x2  
  77  5:58  Assimilator  
  77  6:01  Pylon  
  77  6:05  Pylon  
  77  6:06  Immortal  
  77  6:10  Shield Battery  
  77  6:11  Probe  
  81  6:13  Zealot x3  
  87  6:19  Zealot x3  
  92  6:26  Probe  
  92  6:27  Probe  
  92  6:32  Pylon  
  92  6:34  Observer  
  92  6:35  Zealot x2  
  96  6:44  Pylon  
  96  6:47  Probe  
  96  6:48  Zealot x3  
  96  6:49  Warp Prism (Chrono Boost), Pylon  
  105  6:55  Probe  
  105  7:00  Zealot x2  
  110  7:04  Zealot  
  110  7:06  Zealot  
  96  7:09  Zealot x2  
  96  7:12  Zealot  
  96  7:13  Zealot  
  92  7:19  Shield Battery  
  92  7:21  Zealot x2  
  84  7:24  Zealot  
  84  7:27  Zealot  
Tags
 
Add a new tag
Caveats
  • Supply blocks, unpowered buildings, or Contaminate may cause inaccurate times.
  • Supply counts are checked every 10 seconds.